 Dungeon Crawl Stone Soup version 0.20.1-1-g8b1a95d (webtiles) character file.

21375 zaRGo the Severer (level 12, -6/112 HPs)
             Began as a Minotaur Berserker on Nov 24, 2017.
             Was a High Priest of Trog.
             Killed from afar by a lindwurm (28 damage)
             ... with a blast of flame
             ... in a volcano on Nov 25, 2017.
             The game lasted 01:34:47 (15958 turns).

zaRGo the Severer (Minotaur Berserker)             Turns: 15958, Time: 01:34:48

Health: -6/112     AC: 21    Str: 22    XL:     12   Next: 53%
Magic:  14/14      EV:  8    Int:  5    God:    Trog [*****.]
Gold:   148        SH:  6    Dex: 14    Spells: 11/11 levels left

rFire    . . .     SeeInvis .   Y - +0 executioner's axe (freeze)
rCold    + . .     Gourm    .   (shield currently unavailable)
rNeg     . . .     Faith    .   C - +0 plate armour {rC+}
rPois    +         Spirit   .   m - +2 hat
rElec    .         Reflect  +   r - +2 cloak
rCorr    .         Harm     .   (no gloves)
MR       +....                  (no boots)
Stlth    ..........             a - +6 amulet of reflection
Regen    0.3/turn               R - ring of poison resistance
MPRegen  0.2/turn               b - ring of protection from magic

@: no status effects
A: retaliatory headbutt, horns 2
a: Berserk, Trog's Hand, Brothers in Arms, Burn Spellbooks, Renounce Religion


You were in a volcano.
You worshipped Trog.
Trog was extremely pleased with you.
You were hungry.

You visited 3 branches of the dungeon, and saw 14 of its levels.
You visited 1 bazaar.
You also visited: Ice Cave and Volcano.

You collected 1035 gold pieces.
You spent 887 gold pieces at shops.

Inventory:

Hand Weapons
 E - a +6 flail of protection
 Y - a +0 executioner's axe of freezing (weapon)
Missiles
 B - 6 steel javelins
 W - 14 curare-tipped needles (quivered)
Armour
 m - a +2 hat (worn)
 r - a +2 cloak (worn)
 v - +0 steam dragon scales
 C - a +0 plate armour of cold resistance (worn)
Jewellery
 a - a +6 amulet of reflection (around neck)
 b - a ring of protection from magic (right hand)
 u - an uncursed ring of protection from magic
 y - an uncursed ring of protection from magic
 F - an uncursed ring of positive energy
 K - a +2 ring of evasion
 R - a ring of poison resistance (left hand)
 Z - an uncursed ring of stealth
Wands
 A - a wand of lightning (11/15)
 I - a wand of flame (41/48)
 J - a wand of polymorph (9/24)
 L - a wand of polymorph (18/24)
 M - a wand of paralysis (6/24)
 N - a wand of random effects (18/48)
 T - a wand of iceblast (7/15)
 V - a wand of disintegration (10/24)
Scrolls
 h - a scroll of magic mapping
 n - 4 scrolls of enchant armour
 o - 2 scrolls of blinking
 q - 4 scrolls of enchant weapon
 s - 3 scrolls of remove curse
 t - 6 scrolls of teleportation
 G - a scroll of identify
 Q - 2 scrolls of fear
Potions
 e - 2 potions of cancellation
 f - 4 potions of heal wounds
 i - 5 potions of curing
 j - 2 potions of lignification
 k - 2 potions of haste
 l - a potion of flight
 p - a potion of mutation
 H - 2 potions of agility
 O - 2 potions of brilliance
Books
 P - a book of Conjurations

   Spells                             Type                      Level
   a - Magic Dart                     Conjuration                  1
   b - Searing Ray                    Conjuration                  2
   c - Dazzling Spray                 Conjuration/Hexes            3
   d - Fulminant Prism                Conjuration/Hexes            4
   e - Force Lance                    Conjuration/Translocation    4
   f - Iskenderun's Mystic Blast      Conjuration                  4
   Trog disapproves of the use of such an item.
 X - a book of Party Tricks

   Spells                             Type                      Level
   a - Summon Butterflies             Summoning                    1
   b - Apportation                    Translocation                1
   c - Lesser Beckoning               Translocation                3
   d - Tukima's Dance                 Hexes                        3
   e - Alistair's Intoxication        Transmutation/Poison         5
   f - Invisibility                   Hexes                        6
   Trog disapproves of the use of such an item.
Comestibles
 c - 7 bread rations
 d - 24 fruits
 g - 6 royal jellies
 w - 7 chunks of flesh
 x - 14 meat rations


   Skills:
 + Level 12.2 Fighting
 * Level 16.5 Axes
 + Level 12.2 Armour
 - Level 3.1 Dodging
 - Level 4.9 Evocations


You had 11 spell levels left.
You didn't know any spells.

Dungeon Overview and Level Annotations

Branches:
Dungeon (12/15)            Temple (1/1) D:4            Lair (1/6) D:10
    Orc (0/2) D:10

Altars:
Ashenzari
Cheibriados
Dithmenos
Elyvilon
Fedhas
Gozag
Hepliaklqana
Kikubaaqudgha
Makhleb
Nemelex Xobeh
Okawaru
Qazlal
Ru
Sif Muna
Trog
Uskayaw
Vehumet
Xom
Yredelemnul
Zin
The Shining One
Beogh

Shops:
D:6 }   D:7 :

Annotations:
D:2 1 exclusion
D:8 1 exclusion


Innate Abilities, Weirdness & Mutations

You reflexively headbutt those who attack you in melee.
You have a pair of horns on your head.


Message History

* * * LOW HITPOINT WARNING * * *
Your ogre goes berserk!
You are feeling hungry.
The fire bat bites you.
* * * LOW HITPOINT WARNING * * *
You are engulfed in flames!
* * * LOW HITPOINT WARNING * * *
The fire bat bites your ogre.
Your ogre is engulfed in flames!
The fire bat bites you but does no damage.
Your ogre barely misses the fire bat.
The fire bat barely misses your ogre.
You closely miss the fire bat. Your headbutt misses the fire bat.
The fire bat is severely wounded.
The fire bat bites you but does no damage.
The fire bat closely misses your ogre.
Your ogre hits the fire bat with a giant club!
The fire bat dies!
Trog accepts your kill. The lindwurm breathes flames at you.
The blast of flame hits you!
You die...

≈§≈§≈≈§§§≈≈≈≈...##
≈§≈§§§§≈§≈≈≈§≈...#
§§≈≈§§§§§≈≈§§§...#
§§≈§≈≈≈≈≈≈§§§..###
≈≈≈≈§≈≈≈≈§§§..#.#
≈§≈≈§§≈§≈§§.§#### ##### #
≈≈§≈§§§§§§...### ##...# .###
≈≈§≈§§§≈§§....8###O...#9.8.#
§≈≈≈≈§≈§§≈......@'k.∩.'.._.#
..≈§§≈≈≈......8###....#9.8.#
##.§§.≈.....#### ##...# .###
###.§....#.## ##### #
##########


You could see a lindwurm, a molten gargoyle, a gargoyle and a friendly ogre
(berserk).

Vanquished Creatures
  An ice dragon (D:12)
  A centaur warrior (D:12)
  3 two-headed ogres
  Sonja (D:11)
  An unseen horror (D:8)
  A cyclops (D:12)
  2 manticores
  4 ice statues
  A centaur skeleton (D:12)
  A komodo dragon (D:10)
  A hornet (D:8)
  3 trolls
  The ghost of hilaritas the Chopper, an amateur FoFi (D:4)
  3 polar bears (D:12)
  4 hippogriffs
  2 wyverns (D:9)
  Grum (D:9)
  8 fire bats (Volcano)
  A hungry ghost (D:11)
  10 yaks
  A steam dragon (Volcano)
  4 vampire mosquitoes (D:12)
  A soldier ant (D:10)
  A water moccasin (D:11)
  Edmund (D:6)
  2 porcupines (Lair:1)
  7 ice beasts
  6 orc warriors
  A black bear (D:7)
  7 ogres
  A phantom (D:6)
  A necrophage (D:9)
  2 centaurs
  4 wolves
  2 big kobolds
  Blork the orc (D:6)
  A wyvern zombie (D:7)
  10 bullfrogs
  A wyvern skeleton (D:6)
  A scorpion (D:12)
  16 killer bees
  3 wights (D:9)
  5 howler monkeys
  7 lava snakes (Volcano)
  2 crimson imps
  2 quasits
  5 hounds
  2 bullfrog zombies
  Crazy Yiuf (D:6)
  7 orc priests
  4 jellies
  3 orc wizards
  2 gnoll shamans
  11 iguanas
  10 worker ants
  Natasha (thrice) (D:3)
  A hound skeleton (D:9)
  3 worker ant zombies
  11 gnolls
  13 adders
  2 shadow imps
  2 adder skeletons
  2 worms
  4 dart slugs
  7 leopard geckos
  57 orcs
  6 giant cockroaches
  4 goblins
  10 hobgoblins
  13 jackals
  12 kobolds
  5 quokkas
  2 ball pythons
  10 bats
  5 frilled lizards
  A leopard gecko skeleton (D:8)
  4 rats
362 creatures vanquished.

Vanquished Creatures (collateral kills)
  2 ugly things (IceCv)
  A fire bat (Volcano)
  5 ice beasts (IceCv)
  2 wolves (D:9)
10 creatures vanquished.

Vanquished Creatures (others)
  3 plants (D:10)
3 creatures vanquished.

Grand Total: 375 creatures vanquished

Notes
Turn   | Place    | Note
-------+----------+-------------------------------------------
     0 | D:1      | zaRGo the Minotaur Berserker began the quest for the Orb.
     0 | D:1      | Reached XP level 1. HP: 19/19 MP: 0/0
   182 | D:1      | Reached skill level 4 in Axes
   182 | D:1      | Reached XP level 2. HP: 27/27 MP: 1/1
   528 | D:1      | Found a sparkling altar of Nemelex Xobeh.
   559 | D:1      | Found a deep blue altar of Sif Muna.
  1275 | D:2      | Reached XP level 3. HP: 33/33 MP: 2/2
  1828 | D:2      | Reached ** piety under Trog
  2117 | D:3      | Reached XP level 4. HP: 40/40 MP: 3/3
  2298 | D:3      | Noticed Natasha
  2304 | D:3      | Killed Natasha
  2359 | D:3      | Reached skill level 5 in Axes
  2360 | D:3      | Found a bloodstained altar of Trog.
  2489 | D:3      | Noticed Natasha
  2496 | D:3      | Killed Natasha
  2496 | D:3      | Reached XP level 5. HP: 47/47 MP: 4/4
  2571 | D:3      | Noticed Natasha
  2580 | D:3      | Killed Natasha
  2601 | D:3      | Found a shadowy altar of Dithmenos.
  3274 | D:4      | Reached skill level 6 in Axes
  3274 | D:4      | Reached XP level 6. HP: 55/55 MP: 5/5
  3387 | D:4      | Reached skill level 5 in Fighting
  3778 | D:4      | Noticed hilaritas's ghost (amateur FoFi)
  3855 | D:4      | Reached skill level 7 in Axes
  3855 | D:4      | Reached skill level 5 in Armour
  3855 | D:4      | Reached XP level 7. HP: 61/61 MP: 6/6
  3878 | D:3      | Reached *** piety under Trog
  3890 | D:4      | Killed hilaritas's ghost
  4125 | D:4      | Found a staircase to the Ecumenical Temple.
  4145 | Temple   | Entered the Ecumenical Temple
  4494 | D:4      | Reached skill level 8 in Axes
  4620 | D:4      | Found a deep blue altar of Sif Muna.
  4956 | D:5      | Entered Level 5 of the Dungeon
  5022 | D:5      | Found an opulent altar of Gozag.
  5353 | D:5      | Reached XP level 8. HP: 63/71 MP: 7/7
  5907 | D:6      | Noticed Edmund
  5922 | D:6      | Killed Edmund
  5922 | D:6      | Reached skill level 9 in Axes
  6076 | D:6      | Noticed Blork the orc
  6087 | D:6      | Killed Blork the orc
  6358 | D:6      | Reached skill level 1 in Evocations
  6367 | D:6      | Found Xifoew's Gadget Shoppe.
  6526 | D:6      | Reached skill level 10 in Axes
  6547 | D:6      | Reached **** piety under Trog
  7181 | D:6      | Found a runed door.
  7185 | D:6      | Noticed Crazy Yiuf
  7188 | D:6      | Killed Crazy Yiuf
  7285 | D:6      | Reached XP level 9. HP: 68/79 MP: 9/9
  7321 | D:7      | Found a glowing silver altar of Zin.
  8013 | D:7      | Reached skill level 11 in Axes
  8118 | D:7      | Found Unluj's Book Shop.
  8227 | D:7      | Found a blossoming altar of Fedhas.
  8785 | D:8      | Killed an unseen horror
  9034 | D:8      | Reached XP level 10. HP: 90/90 MP: 11/11
  9235 | D:8      | Reached skill level 12 in Axes
  9240 | D:8      | Noticed a two-headed ogre
  9245 | D:8      | Killed a two-headed ogre
  9501 | D:8      | Paralysed by a hornet for 2 turns
  9509 | D:8      | Paralysed by a hornet for 2 turns
 10790 | D:9      | Noticed Grum
 10820 | D:9      | Killed Grum
 10825 | D:8      | Reached skill level 13 in Axes
 11090 | D:9      | Found a hide-covered altar of Uskayaw.
 11263 | D:9      | Noticed a manticore
 11269 | D:9      | Killed a manticore
 11635 | D:9      | Found a burning altar of Makhleb.
 11681 | D:10     | Entered Level 10 of the Dungeon
 11814 | D:9      | Identified a scroll of acquirement
 12198 | D:10     | Reached XP level 11. HP: 73/98 MP: 13/13
 12201 | D:10     | Reached ***** piety under Trog
 12212 | D:10     | Reached skill level 10 in Fighting
 12218 | D:10     | Found a roughly hewn altar of Beogh.
 12218 | D:10     | Found a staircase to the Orcish Mines.
 12409 | D:10     | Reached skill level 10 in Armour
 12605 | D:10     | Reached skill level 14 in Axes
 12732 | D:10     | Found a staircase to the Lair.
 12976 | D:11     | Found a flickering gateway to a bazaar.
 12982 | Bazaar   | Entered a bazaar
 12994 | Bazaar   | Found Durymm's Magic Scroll Boutique.
 13006 | Bazaar   | Bought a scroll of enchant weapon for 105 gold pieces
 13006 | Bazaar   | Bought a scroll of magic mapping for 49 gold pieces
 13006 | Bazaar   | Bought a scroll of enchant weapon for 105 gold pieces
 13006 | Bazaar   | Bought a scroll of identify for 28 gold pieces
 13006 | Bazaar   | Bought a scroll of enchant armour for 105 gold pieces
 13021 | Bazaar   | Found Hosif's Food Shop.
 13041 | Bazaar   | Found Zochuhe's Weapon Boutique.
 13041 | Bazaar   | Found Orrajaerph's Food Shop.
 13059 | Bazaar   | Bought a royal jelly for 20 gold pieces
 13059 | Bazaar   | Bought a meat ration for 50 gold pieces
 13059 | Bazaar   | Bought a meat ration for 50 gold pieces
 13059 | Bazaar   | Bought a meat ration for 50 gold pieces
 13059 | Bazaar   | Bought a meat ration for 50 gold pieces
 13059 | Bazaar   | Bought 4 fruits for 60 gold pieces
 13059 | Bazaar   | Bought 3 fruits for 45 gold pieces
 13059 | Bazaar   | Bought a meat ration for 50 gold pieces
 13073 | Bazaar   | Bought a meat ration for 40 gold pieces
 13073 | Bazaar   | Bought a meat ration for 40 gold pieces
 13073 | Bazaar   | Bought a meat ration for 40 gold pieces
 13182 | D:11     | Noticed a two-headed ogre
 13193 | D:11     | Killed a two-headed ogre
 13582 | D:11     | Noticed Sonja
 13587 | D:11     | Noticed a two-headed ogre
 13601 | D:11     | Killed a two-headed ogre
 13608 | D:11     | Killed Sonja
 13772 | D:11     | Reached skill level 15 in Axes
 13948 | D:12     | Received a gift from Trog
 13977 | D:12     | Found a frozen archway.
 13981 | D:12     | Noticed an ice dragon
 14016 | D:12     | Reached XP level 12. HP: 110/110 MP: 14/14
 14026 | D:12     | Killed an ice dragon
 14104 | IceCv    | Entered an ice cave
 14444 | IceCv    | Reached skill level 16 in Axes
 14946 | D:12     | Noticed a centaur warrior
 14951 | D:12     | Killed a centaur warrior
 15529 | Lair:1   | Entered Level 1 of the Lair of Beasts
 15575 | Lair:1   | Found a dark tunnel.
 15579 | Volcano  | Entered a volcano
 15947 | Volcano  | Found a radiant altar of Vehumet.
 15958 | Volcano  | Killed from afar by a lindwurm

Skill      XL: |  1  2  3  4  5  6  7  8  9 10 11 12 |
---------------+-------------------------------------+-----
Axes           | 4 5 6 7 8 10 11 13 15 16 | 16.5
Armour         | 3 4 5 6 7 8 9 11 12 | 12.2
Fighting       | 4 5 6 7 8 9 11 12 | 12.2
Dodging        | 3 |  3.1
Evocations     | 1 3 4 |  4.9

Action                   |  1- 3 |  4- 6 |  7- 9 | 10-12 || total
-------------------------+-------+-------+-------+-------++-------
Melee: Hand axe          |    70 |    93 |   239 |   518 ||   920
       Headbutt          |     9 |    15 |    49 |   132 ||   205
       Executioner's axe |       |       |       |    66 ||    66
Invok: Berserk           |       |     7 |    15 |    14 ||    36
       Trog's Hand       |       |     3 |     2 |     3 ||     8
       Burn Spellbooks   |       |       |     1 |       ||     1
       Brothers in Arms  |       |       |       |     4 ||     4
Evoke: Wand              |       |       |       |     8 ||     8
  Use: Scroll            |       |       |     1 |    36 ||    37
       Potion            |       |       |       |     4 ||     4
  Eat: Chunk             |     4 |    12 |    29 |     8 ||    53
       Royal jelly       |       |       |     1 |       ||     1
       Bread ration      |       |       |       |     2 ||     2
       Meat ration       |       |       |       |     4 ||     4
Armor: Animal skin       |    16 |       |       |       ||    16
       Leather armour    |     6 |    13 |     1 |       ||    20
       Plate armour      |       |       |   140 |   242 ||   382
Dodge: Dodged            |    41 |    50 |    55 |   186 ||   332
Block: Other             |       |       |       |   105 ||   105
       Reflection        |       |       |       |     4 ||     4
